 Dungeon Crawl Stone Soup version 0.32-a0-433-g08bcfe7efd (webtiles) character file.

Game seed: 11772358517552492699

34320 retardedninja the Cleaver (level 13, -10/117 HPs)
             Began as a Mountain Dwarf Fighter on Feb 21, 2024.
             Was the Champion of Cheibriados.
             Mangled by Rupert
             ... wielding a +3 great mace of protection
              (23 damage)
             ... on level 3 of the Lair of Beasts on Feb 22, 2024.
             The game lasted 00:39:57 (20613 turns).

retardedninja the Cleaver (Mountain Dwarf Fighter) Turns: 20613, Time: 00:39:58

Health: -10/117    AC: 25    Str: 42    XL:     13   Next: 41%
Magic:  23/23      EV: 23    Int: 28    God:    Cheibriados [******]
Gold:   864        SH:  0    Dex: 22    Spells: 22/25 levels left

rFire   . . .        d - +4 war axe
rCold   . . .        o - +0 kite shield of a wizard's laboratory {^Contam +Blink rCorr SInv}
rNeg    . . .        J - +2 plate armour
rPois   .            A - +1 helmet
rElec   .            F - +2 cloak
rCorr   +            (no gloves)
SInv    +            m - +0 pair of boots
Will    +....        j - amulet of the acrobat Stlth
                     K - ring "Kutwarchi" {Str+7 Dex-2 Slay+4}
HPRegen 0.39/turn    (no ring)
MPRegen 0.18/turn

%: acrobat
@: confused, ambrosia-drunk, marked, acrobatic, very slow
A: runic magic, artefact enchanting
a: Renounce Religion, Evoke Blink, Bend Time, Temporal Distortion, Slouch, Step
From Time


You were on level 3 of the Lair of Beasts.
You worshipped Cheibriados.
Cheibriados was exalted by your worship.
You visited 3 branches of the dungeon, and saw 16 of its levels.

You collected 864 gold pieces.

Inventory:

Hand Weapons
 d - a +4 war axe (weapon)
Missiles
 y - a throwing net (quivered)
Armour
 c - a +0 buckler
 m - a +0 pair of boots (worn)
 o - the +0 kite shield of a wizard's laboratory (worn) {^Contam +Blink rCorr SInv}
   (You acquired it on level 2 of the Lair of Beasts)

   SInv:      It lets you see invisible.
   +Blink:    It lets you blink.
   ^Contam:   It causes magical contamination when unequipped.
   rCorr:     It protects you from acid and corrosion.
 A - a +1 helmet (worn)
 F - a +2 cloak (worn)
 J - a +2 plate armour (worn)
Jewellery
 b - a ring of wizardry
 j - an amulet of the acrobat (around neck)
 k - a ring of magical power
 n - an amulet of reflection
 H - a ring of ice
 K - the ring "Kutwarchi" (left hand) {Str+7 Dex-2 Slay+4}
   (You found it on level 10 of the Dungeon)

   [ring of slaying]

   Str+7:     It affects your strength (+7).
   Dex-2:     It affects your dexterity (-2).
   Slay+4:    It affects your accuracy & damage with ranged weapons and melee
   (+4).
 O - an amulet of faith
Talismans
 s - a maw talisman
 I - a dragon-blood talisman
Wands
 a - a wand of paralysis (8)
 r - a wand of iceblast (19)
 x - a wand of flame (35)
 D - a wand of digging (11)
Scrolls
 f - a scroll of revelation
 g - a scroll of fear
 i - 4 scrolls of teleportation
 q - a scroll of noise
 t - 2 scrolls of amnesia
 w - a scroll of vulnerability
 B - a scroll of blinking
 M - a scroll of poison
Potions
 e - a potion of lignification
 h - 3 potions of mutation
 l - a potion of brilliance
 p - a potion of cancellation
 u - 2 potions of heal wounds {unknown}
 v - 2 potions of magic
 z - 2 potions of ambrosia
 E - a potion of resistance {unknown}
 G - a potion of attraction
Miscellaneous
 N - a sack of spiders (inert)


   Skills:
 + Level 11.8 Fighting
 + Level 12.6 Axes
 + Level 11.9 Armour
 - Level 10.7 Shields
 + Level 6.9 Spellcasting
 + Level 6.1 Conjurations


You had 22 spell levels left.
You knew the following spells:

 Your Spells              Type           Power      Damage    Failure   Level
a - Stone Arrow           Conj/Erth      54%        3d10      9%          3

Your spell library contained the following spells:

 Spells                   Type           Power      Damage    Failure   Level
 Momentum Strike          Conj/Tloc      54%        3d9       4%          2
 Static Discharge         Conj/Air       54%        3-6/arc   4%          2
 Dazzling Flash           Conj/Hex       54%        N/A       9%          3
 Sandblast                Erth           18%        2d7       11%         1
 Mephitic Cloud           Conj/Alch/Air  21%        N/A       14%         3
 Blink                    Tloc           18%        N/A       16%         2
 Jinxbite                 Hex            18%        N/A       16%         2
 Lesser Beckoning         Tloc           18%        N/A       16%         2
 Brom's Barrelling Bould  Conj/Erth      27%        2d5       30%         4
 Ozocubu's Armour         Ice            9%         N/A       32%         3
 Passwall                 Erth           9%         N/A       32%         3
 Tukima's Dance           Hex            9%         N/A       32%         3
 Volatile Blastmotes      Fire/Tloc      18%        2d11      32%         3
 Airstrike                Air            4%         2d(1-17)  71%         4
 Anguish                  Hex/Necr       4%         N/A       71%         4
 Cause Fear               Hex            4%         N/A       71%         4
 Passage of Golubria      Tloc           9%         N/A       71%         4
 Summon Lightning Spire   Summ/Air       9%         N/A       71%         4
 Curse of Agony           Necr           9%         N/A       96%         5
 Metabolic Englaciation   Hex/Ice        4%         N/A       96%         5
 Silence                  Hex/Air        4%         N/A       96%         5
 Summon Forest            Summ/Tloc      4%         N/A       96%         5
 Summon Mana Viper        Hex/Summ       9%         N/A       96%         5
 Yara's Violent Unravell  Hex/Alch       4%         3d4       96%         5
 Starburst                Conj/Fire      13%        6d6       99%         6
 Sculpt Simulacrum        Ice/Alch       4%         N/A       100%        6
 Summon Cactus Giant      Summ           4%         N/A       100%        6
 Enfeeble                 Hex            4%         N/A       100%        7
 Maxwell's Capacitive Co  Air            4%         ∞         100%        8


Dungeon Overview and Level Annotations

Branches:
Dungeon (11/15)            Temple (1/1) D:4            Lair (4/5) D:11
 Shoals (0/4) Lair:2          Orc (0/2) D:11
  Snake: Lair:2-3    Spider: Lair:2-3     Slime: Lair:4-5

Altars:
Ashenzari
Cheibriados
Dithmenos
Elyvilon
Fedhas
Gozag
Hepliaklqana
Kikubaaqudgha
Makhleb
Nemelex Xobeh
Okawaru
Qazlal
Ru
Sif Muna
Trog
Uskayaw
Vehumet
Wu Jian
Xom
Yredelemnul
Zin
The Shining One
Beogh

Shops:
D:6 *

Annotations:
Lair:3 Rupert
Lair:4 3 runed translucent doors


Innate Abilities, Weirdness & Mutations

Your spellcasting is much less encumbered by armour.
You can use scrolls of enchantment on lesser artefacts.


Message History

Your scorpion stings the cane toad but does no damage.
The cane toad misses you. The water moccasin misses your redback.
The jumping spider leaps!
You feel less confused.
The bullfrog barely misses your redback.
Your redback bites the bullfrog.
The bullfrog looks as sick as possible!
Your redback poisons the bullfrog!
The water moccasin bites your redback.
Your scorpion stings the cane toad.
The cane toad is poisoned.
Your scorpion poisons the cane toad!
The cane toad misses you.
Rupert hits you with a +3 great mace of protection!!
* * * LOW HITPOINT WARNING * * *
The bullfrog hits your redback.
Your redback dies!
Your redback's corpse disappears in a puff of smoke!
Your scorpion stings the cane toad.
The cane toad misses you. The bullfrog barely misses you.
You block Rupert's attack.
The bullfrog barely misses your scorpion.
You are confused.
You feel invigorated.
Rupert hits you with a +3 great mace of protection!!
* * * LOW HITPOINT WARNING * * *
The bullfrog hits you but does no damage.
The cane toad barely misses you.
Your scorpion closely misses the cane toad.
The bullfrog barely misses your scorpion.
Rupert hits you with a +3 great mace of protection!
* * * LOW HITPOINT WARNING * * *
The bullfrog barely misses you. The bullfrog hits your scorpion.
Your scorpion stings the cane toad but does no damage.
The cane toad closely misses you.
The bullfrog dies!
Cheibriados appreciates the change of pace.
The jumping spider leaps!
Rupert closely misses you. The bullfrog attacks as it pursues you!
The bullfrog closely misses you.
The jumping spider leaps!
The cane toad closely misses you.
Your scorpion stings the cane toad.
The bullfrog barely misses you.
Rupert hits you with a +3 great mace of protection!!
You die...
Rupert roars with triumph.
Cheibriados appreciates the motionlessness of death.

#.+### #.#..#. # # #.....# #..##
####...## ....#### #.....○†###
....##.####....†..#.####
...SSS...##....s..+....### ####
....##@>..#....SF@†#.....#####.##
....#####.+.....@F.#.............
....# #.○.......#.####.#.##.#.
....# ###....#P.### ##.######
##### #.##.##.# ### ## ## ###


You could see Rupert (berserk, ally target), a cane toad (very poisoned), a
water moccasin, a bullfrog and a friendly scorpion (summoned).

Vanquished Creatures
  A hydra (Lair:2)
  A boulder beetle (D:11)
  A two-headed ogre (D:10)
  A deep elf pyromancer (D:11)
  A cyclops (D:11)
  A meliai (D:11)
  3 merfolk sirens (Lair:2)
  9 elephants (Lair:1)
  2 gargoyles (D:11)
  2 black mambas
  Jeremiah (D:6)
  A cane toad (Lair:1)
  6 komodo dragons
  A kobold demonologist (D:10)
  2 unseen horrors (D:11)
  4 rime drakes
  Psyche (D:11)
  A yaktaur (D:11)
  A hornet (D:10)
  Sigmund (D:6)
  3 wraiths
  2 shadows (D:11)
  3 wyverns
  19 yaks
  A steam dragon (D:7)
  2 redbacks (Lair:3)
  3 basilisks
  3 acid dragons (D:11)
  5 water moccasins
  6 orc warriors
  3 black bears
  An ice beast (D:7)
  9 centaurs
  10 wolves (Lair:1)
  3 kobold brigands
  3 phantoms
  3 scorpions
  6 bullfrogs
  2 water moccasin zombies (D:5)
  4 gnoll sergeants
  10 killer bees
  A howler monkey (D:6)
  A bombardier beetle (D:4)
  2 bullfrog zombies (D:5)
  A bullfrog skeleton (D:5)
  9 orc priests
  2 gnoll boudas
  3 hounds
  5 jellies
  12 orc wizards
  Jessica (D:3)
  4 iguanas
  Ijyb (D:4)
  A sleepcap (D:7)
  A hound zombie (D:5)
  A howler monkey zombie (D:5)
  21 gnolls
  5 adders
  A shadow imp (D:6)
  6 ufetubi
  2 adder zombies (D:5)
  7 dart slugs
  A ribbon worm (D:4)
  The ghost of DeathSocks the Sneak, a weakling VSDe (D:6)
  42 orcs
  8 endoplasms
  2 giant cockroaches
  7 goblins
  4 hobgoblins
  4 jackals (D:4)
  18 kobolds
  6 quokkas
  8 ball pythons
  6 bats
  6 frilled lizards
  9 rats
351 creatures vanquished.

Vanquished Creatures (collateral kills)
  A kobold demonologist (D:10)
  A redback (Lair:3)
  A water moccasin (Lair:3)
  A kobold brigand (D:10)
  A bullfrog (Lair:3)
5 creatures vanquished.

Vanquished Creatures (others)
  A basilisk (D:11)
  An orc (D:10)
2 creatures vanquished.

Grand Total: 358 creatures vanquished

Notes
Turn   | Place    | Note
-------+----------+-------------------------------------------
     0 | D:1      | retardedninja the Mountain Dwarf Fighter began the quest
                  | for the Orb.
     0 | D:1      | Reached XP level 1. HP: 19/19 MP: 1/1
    74 | D:1      | Reached XP level 2. HP: 10/26 MP: 2/2
   266 | D:1      | Reached skill level 3 in Axes
   266 | D:1      | Reached XP level 3. HP: 32/33 MP: 3/3
   702 | D:2      | Found Racly's Distillery.
  1032 | D:2      | Reached XP level 4. HP: 40/40 MP: 4/4
  1565 | D:3      | Noticed a phantom
  1565 | D:3      | Noticed a phantom
  1740 | D:3      | Found a white marble altar of Elyvilon.
  1789 | D:3      | Reached XP level 5. HP: 41/46 MP: 5/5
  1982 | D:3      | Found a blossoming altar of Fedhas.
  2002 | D:3      | Noticed Jessica
  2014 | D:3      | Reached skill level 4 in Axes
  2014 | D:3      | Killed Jessica
  2017 | D:3      | Killed a phantom
  2018 | D:3      | Reached XP level 6. HP: 19/53 MP: 6/6
  2408 | D:3      | Found a sparkling altar of Nemelex Xobeh.
  2496 | D:4      | Reached skill level 5 in Shields
  2508 | D:4      | Reached skill level 5 in Fighting
  2514 | D:4      | Found a staircase to the Ecumenical Temple.
  2537 | Temple   | Entered the Ecumenical Temple
  2551 | Temple   | Became a worshipper of Cheibriados the Contemplative
  2590 | D:4      | Reached skill level 5 in Armour
  2807 | D:4      | Found a basalt altar of Yredelemnul.
  3370 | D:4      | Found a shadowy altar of Dithmenos.
  3386 | D:4      | Reached skill level 5 in Axes
  3669 | D:4      | Reached XP level 7. HP: 50/61 MP: 7/7
  3971 | D:4      | Found a bloodstained altar of Trog.
  3978 | D:4      | Found a broken altar of Ashenzari.
  3985 | D:4      | Found a sacrificial altar of Ru.
  4037 | D:5      | Entered Level 5 of the Dungeon
  4047 | D:5      | Noticed Ijyb
  4074 | D:4      | Killed Ijyb
  4424 | D:5      | Reached * piety under Cheibriados
  4437 | D:5      | HP: 3/61 [centaur/arrow (6)]
  5268 | D:5      | Found an opulent altar of Gozag.
  5317 | D:5      | Reached skill level 6 in Axes
  5449 | D:5      | Reached XP level 8. HP: 70/70 MP: 8/8
  6060 | D:6      | Noticed Jeremiah
  6090 | D:5      | Reached ** piety under Cheibriados
  6410 | D:6      | Killed Jeremiah
  6465 | D:6      | Found a runed translucent gate.
  6465 | D:6      | Found a runed translucent gate.
  6465 | D:6      | Noticed DeathSocks's ghost (weakling VSDe)
  6466 | D:6      | Found a runed translucent gate.
  6637 | D:6      | Noticed Sigmund
  6654 | D:6      | Killed Sigmund
  6762 | D:6      | Identified the +1 robe of Nutuselo {Str+5}
  6791 | D:6      | Found Wagiudgh's General Store.
  6827 | D:6      | Reached skill level 7 in Axes
  7238 | D:6      | Killed DeathSocks's ghost
  7370 | D:7      | Found an ornate altar of the Wu Jian Council.
  7651 | D:7      | Reached XP level 9. HP: 79/79 MP: 9/9
  7985 | D:7      | Found a radiant altar of Vehumet.
  8803 | D:8      | Reached *** piety under Cheibriados
  8841 | D:8      | Reached skill level 8 in Axes
 10445 | D:9      | Reached skill level 9 in Axes
 10611 | D:8      | Reached XP level 10. HP: 48/90 MP: 10/10
 10889 | D:8      | Reached **** piety under Cheibriados
 11345 | D:9      | Found a shimmering blue altar of Sif Muna.
 11395 | D:9      | Found a glowing golden altar of the Shining One.
 12108 | D:10     | Entered Level 10 of the Dungeon
 12143 | D:10     | Noticed a two-headed ogre
 12151 | D:10     | Killed a two-headed ogre
 12418 | D:10     | Identified the ring "Kutwarchi" {Str+7 Dex-2 Slay+4}
 12786 | D:10     | Reached skill level 10 in Axes
 12789 | D:10     | Reached ***** piety under Cheibriados
 12808 | D:10     | Upgraded the game from 0.32-a0-422-g28b100f618 to
                  | 0.32-a0-433-g08bcfe7efd
 12816 | D:10     | Noticed a smoke demon
 12818 | D:10     | Noticed a soul eater
 13265 | D:11     | Reached skill level 10 in Shields
 13265 | D:11     | Reached XP level 11. HP: 89/99 MP: 11/11
 13333 | D:11     | Reached skill level 10 in Armour
 13427 | D:11     | Reached skill level 10 in Fighting
 13732 | D:11     | Found a staircase to the Lair.
 14222 | D:11     | Reached skill level 11 in Axes
 14229 | D:11     | Noticed a deep elf pyromancer
 14234 | D:11     | Noticed Psyche
 15016 | D:11     | Found a staircase to the Orcish Mines.
 15055 | D:11     | Found a roughly hewn altar of Beogh.
 15689 | D:10     | Reached skill level 5 in Spellcasting
 15689 | D:10     | Reached XP level 12. HP: 108/108 MP: 11/20
 15846 | D:10     | Learned a level 3 spell: Stone Arrow
 15867 | D:11     | Killed Psyche
 16039 | D:11     | Noticed a boulder beetle
 16056 | D:11     | Killed a boulder beetle
 16845 | Lair:1   | Entered Level 1 of the Lair of Beasts
 16898 | Lair:1   | Reached skill level 5 in Conjurations
 16903 | Lair:1   | Reached ****** piety under Cheibriados
 16908 | Lair:1   | Reached skill level 12 in Axes
 16917 | Lair:1   | Reached XP level 13. HP: 54/116 MP: 22/22
 18552 | Lair:2   | You fall into a shaft and drop 2 floors!
 18565 | Lair:3   | Noticed Rupert
 19225 | Lair:4   | Found a runed translucent gate.
 19226 | Lair:4   | Found a runed translucent gate.
 19227 | Lair:4   | Found a runed translucent gate.
 19642 | Lair:2   | Found a staircase to the Shoals.
 20251 | Lair:2   | Identified a scroll of acquirement
 20251 | Lair:2   | Acquired the +0 kite shield of a wizard's laboratory
                  | {^Contam +Blink rCorr SInv}
 20612 | Lair:3   | HP: 3/117 [Rupert/+3 great mace of protection (13)]
 20613 | Lair:3   | Mangled by Rupert

Illustrated notes

Levels and vault maps discovered:
D:1:      lightli_arrival_flooded_house, layout_basic
D:2:      layout_basic, serial_shops, nicolae_shop_trees, minmay_bisected
D:3:      layout_rooms, nemelex_dance_club_becter, marbit_many_paths,
          nicolae_overflow_crystal_walls, uniq_jessica
D:4:      layout_basic, kennysheep_mini, mainiacjoe_overflow_24_doors,
          minmay_overflow_temple_star_quad, minmay_temple_entry_junction_2
D:5:      layout_layer_cave, mainiacjoe_overflow_catwalk, serial_undead,
          serial_undead_f, serial_undead_c, serial_undead_f, serial_undead_e,
          uniq_ijyb
D:6:      layout_basic, ebering_ghost_rock_garden, serial_shops, shop,
          uniq_jeremiah, uniq_sigmund
D:7:      layout_layer_cave, lemuel_round_altar, kennysheep_little_box,
          kennysheep_generic_room_7
D:8:      layout_loops_ring, chequers_jeans
D:9:      layout_rooms, tso_oasis_becter, mainiacjoe_overflow_alcove_4,
          enter_bailey_2, minmay_misc_feat_doors, kb_lookout_dungeons_type
D:10:     layout_gridville
D:11:     layout_loops_ring, erik_lair_dragon, minmay_orc_entry_temple_small,
          serial_rivers, chequers_serial_rivers_large_b,
          chequers_serial_rivers_small_3, chequers_serial_rivers_room_a,
          chequers_serial_rivers_marsh, chequers_serial_rivers_marsh,
          minmay_pinched_square, uniq_psyche
Temple:   dpeg_three_leaves_temple
Lair:1:   layout_roguey, minmay_hedge_maze, grunt_megastairs_2
Lair:2:   layout_hall_layers, elwin_shoals_entry_rooms
Lair:3:   layout_roguey, spider_nest_entry_a, serial_bayou_ford_a, uniq_rupert
Lair:4:   layout_roguey, dpeg_slime_entry_corner, gammafunk_ghost_icy,
          hibernation_bobbens

Skill      XL: |  1  2  3  4  5  6  7  8  9 10 11 12 13 |
---------------+----------------------------------------+-----
Axes           | 3 4 5 6 7 9 10 11 12 | 12.6
Shields        | 4 5 6 7 8 10 | 10.7
Fighting       | 4 5 6 7 8 9 10 11 | 11.8
Armour         | 4 5 6 7 8 9 10 11 | 11.9
Spellcasting   | 5 6 |  6.9
Conjurations   | 4 5 6 |  6.1

Action                     |  1- 3 |  4- 6 |  7- 9 | 10-12 | 13-15 || total
---------------------------+-------+-------+-------+-------+-------++-------
  Melee: War axe           |    80 |   221 |   372 |   401 |   125 ||  1199
  Throw: Throwing net      |       |       |       |     1 |       ||     1
   Cast: Stone Arrow       |       |       |       |     8 |    19 ||    27
  Evoke: Wand              |       |       |    13 |    11 |     8 ||    32
         Sack of spiders   |       |       |       |       |     1 ||     1
    Use: Scroll            |       |     4 |     7 |    17 |     5 ||    33
         Potion            |       |     2 |     1 |     3 |     4 ||    10
   Stab: Distracted        |       |       |       |     1 |       ||     1
         Invisible         |       |       |       |     1 |       ||     1
 Armour: Scale mail        |    73 |   218 |   158 |       |       ||   449
         Chain mail        |       |       |   224 |   119 |       ||   343
         Plate armour      |       |       |       |   389 |   116 ||   505
  Dodge: Dodged            |    36 |   119 |   270 |   334 |    74 ||   833
  Block: Buckler           |    23 |    58 |   139 |   204 |    38 ||   462
         Kite shield       |       |       |       |       |    42 ||    42
         Form:             |       |     1 |       |       |       ||     1
         Maw               |       |     1 |       |       |       ||     1

Table legend: (Time is in decaauts)
 A = Elapsed time spent in this place.
 B = Non-inter-level travel time spent in this place.
 C = Inter-level travel time spent in this place.
 D = Time resting spent in this place.
 E = Time spent auto-exploring this place.
 F = Levels seen in this place.
 G = Mean time per level.
                   A        B        C        D        E       F      G
               +--------+--------+--------+--------+--------+-----+--------+
         Total |  26386 |  25512 |    874 |   6906 |  14491 |  16 | 1649.1 |
       Dungeon |  20995 |  20190 |    805 |   5325 |  11302 |  11 | 1908.6 |
        Temple |     29 |     16 |     13 |      0 |      0 |   1 |   29.0 |
          Lair |   5361 |   5307 |     54 |   1581 |   3188 |   4 | 1340.2 |
               +--------+--------+--------+--------+--------+-----+--------+

Top non-repeatable levels by time:
    D:11: 4378 daAuts
     D:8: 2672 daAuts
     D:4: 2557 daAuts
  Lair:2: 2235 daAuts
    D:10: 2140 daAuts
     D:5: 1901 daAuts
     D:7: 1742 daAuts
  Lair:1: 1721 daAuts
     D:9: 1699 daAuts
     D:6: 1344 daAuts
     D:2: 967 daAuts
  Lair:4: 923 daAuts
     D:3: 911 daAuts
     D:1: 681 daAuts
  Lair:3: 481 daAuts
